 Dungeon Crawl Stone Soup version 0.20.1-1-g8b1a95d (console) character file.

855 Kloppie the Chopper (level 8, -2/54 HPs)
             Began as a Halfling Fighter on July 22, 2017.
             Was a Follower of Okawaru.
             Succumbed to Sigmund's poison
             ... on level 6 of the Dungeon.
             The game lasted 00:06:52 (4902 turns).

Kloppie the Chopper (Halfling Fighter)              Turns: 4902, Time: 00:06:53

Health: -2/54      AC: 14    Str: 19    XL:     8   Next: 21%
Magic:  8/8        EV:  9    Int: 12    God:    Okawaru [*.....]
Gold:   261        SH:  6    Dex: 14    Spells: 7/7 levels left

rFire    + . .     SeeInvis .   a - +3 war axe
rCold    + . .     Gourm    .   e - +0 buckler
rNeg     . . .     Faith    .   g - +0 chain mail
rPois    +         Spirit   .   j - +2 helmet {Int+3}
rElec    +         Reflect  .   m - scarf {repulsion}
rCorr    +         Harm     .   u - +0 pair of gloves
MR       .....                  (no boots)
Stlth    ..........             (no amulet)
Regen    0.2/turn               d - +3 ring of intelligence
MPRegen  0.2/turn               (no ring)

@: lethally poisoned (-2 -> -34), resistant, flying, repel missiles
A: mutation resistance 1
a: Heroism, Renounce Religion


You were on level 6 of the Dungeon.
You worshipped Okawaru.
Okawaru was aware of your devotion.
You were very hungry.

You visited 1 branch of the dungeon, and saw 6 of its levels.

You collected 261 gold pieces.

Inventory:

Hand Weapons
 a - a +3 war axe (weapon)
Armour
 c - a +0 shield
 e - a +0 buckler (worn)
 g - a +0 chain mail (worn)
 j - a +2 helmet of intelligence (worn)
 l - a +1 cloak
 m - a scarf of repulsion (worn)
 u - a +0 pair of gloves (worn)
Jewellery
 d - a +3 ring of intelligence (left hand)
Scrolls
 i - 4 scrolls of identify
 p - a scroll of remove curse
 t - a scroll of teleportation
 w - a scroll of fear {unknown}
Potions
 o - a potion of invisibility {unknown}
 q - a potion of degeneration {unknown}
 s - a potion of curing {unknown}
 x - a potion of might
Comestibles
 f - 3 bread rations
 h - 2 royal jellies
 r - 2 fruits
 v - a meat ration


   Skills:
 - Level 3.9 Fighting
 + Level 6.5 Axes
 + Level 4.4 Armour
 - Level 5.8 Shields


You had 7 spell levels left.
You didn't know any spells.

Dungeon Overview and Level Annotations

Branches:
Dungeon (6/15)
 Temple: D:4-7

Altars:
Makhleb
Nemelex Xobeh
Okawaru
Qazlal
Ru
Sif Muna
Vehumet
The Shining One

Annotations:
D:6 Sigmund


Innate Abilities, Weirdness & Mutations

You are small and have problems with some larger weapons.
You are somewhat resistant to further mutation.


Message History

You feel very sick. Sigmund hits you but does no damage.
You are more poisoned.
You slash Sigmund!
Sigmund is almost dead.
* * * LOW HITPOINT WARNING * * *
You feel very sick.
You hit Sigmund.
Sigmund is almost dead.
* * * LOW HITPOINT WARNING * * *
You feel very sick.
Sigmund points at you and mumbles some strange words.
The magic dart hits you!
It was a potion of resistance.
You feel protected.
* * * LOW HITPOINT WARNING * * *
You feel very sick. You block Sigmund's attack.
It was a potion of magic.
Magic courses through your body.
You die...

.#......#...........#
...........<..#>...####
........#####...##.##..
#.<.....# ##..# ...
#.#####.# #..##..# #
#.. #...#..#.. ##.
##..>...# ###...##../#
#.$@..# .. #..#@.##
....##..# ..... #...
#..# ..#.# #.. #.#.# #.
#.#.. #.####


You could see Sigmund.

Vanquished Creatures
  The ghost of Heedrag the Ruffian, an amateur VSTm (D:4)
  Menkaure (D:4)
  Duvessa (D:5)
  Dowan (D:5)
  A crimson imp (D:2)
  3 orc wizards
  3 orc priests
  Crazy Yiuf (D:3)
  A worker ant (D:6)
  A hound zombie (D:5)
  A howler monkey zombie (D:5)
  2 adders
  A shadow imp (D:6)
  An ooze (D:3)
  2 adder skeletons
  3 worms
  3 dart slugs
  3 leopard geckos
  13 orcs
  3 giant cockroaches
  2 goblins
  7 hobgoblins
  10 jackals
  7 kobolds
  2 quokkas
  9 bats
  4 frilled lizards
  A quokka skeleton (D:4)
  9 rats
97 creatures vanquished.

Vanquished Creatures (others)
  A rat (D:2)
1 creature vanquished.

Grand Total: 98 creatures vanquished

Notes
Turn   | Place    | Note
-------+----------+-------------------------------------------
     0 | D:1      | Kloppie the Halfling Fighter began the quest for the Orb.
     0 | D:1      | Reached XP level 1. HP: 15/15 MP: 1/1
   311 | D:1      | Reached XP level 2. HP: 17/20 MP: 2/2
   643 | D:1      | Reached XP level 3. HP: 24/26 MP: 3/3
  1272 | D:2      | Reached skill level 3 in Axes
  1286 | D:2      | Reached XP level 4. HP: 9/31 MP: 4/4
  1289 | D:2      | Reached XP level 5. HP: 4/37 MP: 5/5
  1576 | D:2      | Found a faded altar of an unknown god.
  1615 | D:2      | Found a radiant altar of Vehumet.
  1665 | D:2      | Found a stormy altar of Qazlal.
  1750 | D:2      | Found an iron altar of Okawaru.
  1758 | D:2      | Became a worshipper of Warmaster Okawaru
  1884 | D:2      | Found a burning altar of Makhleb.
  1889 | D:2      | Reached skill level 4 in Axes
  1998 | D:3      | HP: 1/37 [something (3)]
  2006 | D:3      | Reached XP level 6. HP: 10/43 MP: 6/6
  2916 | D:3      | Found a runed door.
  3056 | D:3      | Noticed Crazy Yiuf
  3067 | D:3      | Killed Crazy Yiuf
  3172 | D:4      | Found a glowing golden altar of the Shining One.
  3180 | D:4      | Noticed Menkaure
  3187 | D:4      | Killed Menkaure
  3187 | D:4      | Reached skill level 5 in Axes
  3187 | D:4      | Reached skill level 5 in Shields
  3187 | D:4      | Reached XP level 7. HP: 23/47 MP: 7/7
  3462 | D:4      | Noticed Heedrag's ghost (amateur VSTm)
  3463 | D:4      | Reached * piety under Okawaru
  3476 | D:4      | Killed Heedrag's ghost
  4129 | D:4      | Found a sacrificial altar of Ru.
  4361 | D:5      | Entered Level 5 of the Dungeon
  4363 | D:5      | Noticed Dowan
  4364 | D:5      | Noticed Duvessa
  4382 | D:5      | Killed Duvessa
  4382 | D:5      | Reached skill level 6 in Axes
  4383 | D:5      | Killed Dowan
  4383 | D:5      | Reached XP level 8. HP: 50/54 MP: 8/8
  4484 | D:5      | Found a deep blue altar of Sif Muna.
  4538 | D:5      | Found a sparkling altar of Nemelex Xobeh.
  4883 | D:6      | Noticed Sigmund
  4901 | D:6      | HP: 1/54 [poisoned by Sigmund]
  4902 | D:6      | Succumbed to Sigmund's poison

Skill      XL: |  1  2  3  4  5  6  7 |
---------------+----------------------+-----
Fighting       | 3 |  3.9
Axes           | 3 4 5 6 |  6.5
Shields        | 4 5 |  5.8
Armour         | 4 |  4.4

Action                   |  1- 3 |  4- 6 |  7- 9 || total
-------------------------+-------+-------+-------++-------
Melee: War axe           |    98 |   119 |    78 ||   295
  Use: Potion            |     1 |     2 |     4 ||     7
       Scroll            |       |     6 |     2 ||     8
  Eat: Chunk             |     1 |     6 |     4 ||    11
       Fruit             |       |       |     1 ||     1
Armor: Scale mail        |    51 |    44 |       ||    95
       Chain mail        |       |     4 |    44 ||    48
       Skin              |       |     1 |     3 ||     4
Dodge: Dodged            |    65 |    58 |    25 ||   148
Block: Buckler           |    30 |    26 |    24 ||    80
